 Dungeon Crawl Stone Soup version 0.27-a0-1193-g8631133539 (webtiles) character file.

Game seed: 12024638826986563582

11 coolguy69 the Cutter (level 2, -1/16 HPs)
             Began as a Vine Stalker Monk on May 26, 2021.
             Succumbed to a kobold's poison
             ... on level 1 of the Dungeon.
             The game lasted 00:00:31 (494 turns).

coolguy69 the Cutter (Vine Stalker Monk)             Turns: 494, Time: 00:00:31

Health: -1/16      AC:  5    Str: 13    XL:     2   Next: 25%
Magic:  1/3        EV: 11    Int: 10    God:
Gold:   18         SH:  0    Dex: 16    Spells: 1/1 levels left

rFire    . . .     SeeInvis .   a - +0 short sword
rCold    . . .     Faith    .   (no shield)
rNeg     . . .     Spirit   +   f - +0 ring mail
rPois    .         Reflect  .   (no helmet)
rElec    .         Harm     .   (no cloak)
rCorr    .         Rampage  .   (no gloves)
Will     .....                  (no boots)
Stlth    ++........             (no amulet)
HPRegen  0.05/turn              (no ring)
MPRegen  0.08/turn              (no ring)

@: lethally poisoned (-1 -> -23)
A: fangs 2, magic shield, antimagic bite, no potion heal 2
a: no special abilities


You were on level 1 of the Dungeon.
You visited 1 branch of the dungeon, and saw 1 of its levels.

You collected 18 gold pieces.

Inventory:

Hand Weapons
 a - a +0 short sword (weapon)
Armour
 f - a +0 ring mail (worn)
Scrolls
 b - a scroll of vulnerability {unknown}
 e - a scroll of blinking {unknown}
 g - a scroll of immolation {unknown}
Potions
 c - a potion of mutation {unknown}
 d - a potion of magic {unknown}


   Skills:
 - Level 2.6 Fighting
 * Level 3.3 Short Blades
 - Level 2.4 Dodging
 - Level 2.4 Stealth


You had one spell level left.
You didn't know any spells.
Your spell library was empty.

Dungeon Overview and Level Annotations

Branches:
Dungeon (1/15)

Altars:


Innate Abilities, Weirdness & Mutations

You have extremely sharp teeth.
When hurt, damage is shared between your health and your magic reserves.
Your bite disrupts and absorbs the magic of your enemies.
Potions cannot restore your health.


Message History

No target in view!
A kobold comes into view. It is wielding a +1 dagger of venom.
The kobold shouts!
Found 25 stones.
A quokka comes into view.
A quokka is nearby!
The kobold throws a stone.
The stone barely misses you.
There are monsters nearby!
The kobold throws a stone.
The stone misses you.
Found a coppery potion.
There are monsters nearby!
The kobold hits you but does no damage.
You closely miss the kobold. The kobold hits you but does no damage.
You are poisoned.
You hit the quokka.
The quokka is heavily wounded.
You feel very sick.
The quokka bites you but does no damage.
The kobold misses you.
You hit the quokka.
You kill the quokka!
You feel sick. The kobold barely misses you.
You closely miss the kobold.
You feel sick. The kobold hits you but does no damage.
You are lethally poisoned!
You closely miss the kobold. You bite the kobold, but do no damage.
You feel very sick. The kobold barely misses you.
You are too injured to fight recklessly!
You are too injured to fight recklessly!
You are too injured to fight recklessly!
You are too injured to fight recklessly!
You are too injured to fight recklessly!
You are too injured to fight recklessly!
You hit the kobold but do no damage.
You feel sick.
The kobold hits you with a +1 dagger of venom.
* * * LOW HITPOINT WARNING * * *
You are more poisoned.
You closely miss the kobold. Your bite misses the kobold.
You die...

.............#
.............####.#.#
.#....#####.......#.#
....#.............#.###
....#...#...#.........
....#...†...#.......##
........#.#.##.#...(.#.#
#####.......#...#......#
...####.....#...@†....!.
...# #.........#K...##.
...# #........#####.....
.......####...... ....
....### ###...#.. ...
.#.# #..... .. .#..
....#.# . ........
..#.....


You could see a kobold.

Vanquished Creatures
  A giant cockroach (D:1)
  A goblin (D:1)
  A hobgoblin (D:1)
  2 quokkas (D:1)
  2 ball pythons (D:1)
  A bat (D:1)
  A frilled lizard (D:1)
  A rat (D:1)
10 creatures vanquished.

Notes
Turn   | Place    | Note
-------+----------+-------------------------------------------
     0 | D:1      | coolguy69 the Vine Stalker Monk began the quest for the
                  | Orb.
     0 | D:1      | Reached XP level 1. HP: 11/11 MP: 2/2
   115 | D:1      | Reached skill level 3 in Short Blades
   228 | D:1      | Reached XP level 2. HP: 5/16 MP: 3/3
   494 | D:1      | Succumbed to a kobold's poison

Illustrated notes

Levels and vault maps discovered:
D:1:      dpeg_arrival_arbitrary_c, layout_rooms, serial_rivers,
          chequers_serial_rivers_room_a, chequers_serial_rivers_small_a,
          chequers_serial_rivers_marsh, chequers_serial_rivers_room_b,
          hangedman_decor_lopped

Skill      XL: |  1 |
---------------+----+-----
Short Blades   | 3 |  3.3
Fighting       | |  2.6
Dodging        | |  2.4
Stealth        | |  2.4

Action                   || total
-------------------------++-------
Melee: Short sword       ||    40
       Bite              ||     5
Armor: Robe              ||     3
       Ring mail         ||     4
Dodge: Dodged            ||    26

Table legend: (Time is in decaauts)
 A = Elapsed time spent in this place.
 B = Non-inter-level travel time spent in this place.
 C = Inter-level travel time spent in this place.
 D = Time resting spent in this place.
 E = Time spent auto-exploring this place.
 F = Levels seen in this place.
 G = Mean time per level.
                   A        B        C        D        E       F      G
               +--------+--------+--------+--------+--------+-----+--------+
         Total |    494 |    494 |      0 |      0 |    406 |   1 |  494.0 |
       Dungeon |    494 |    494 |      0 |      0 |    406 |   1 |  494.0 |
               +--------+--------+--------+--------+--------+-----+--------+

Top non-repeatable levels by time:
     D:1: 494 daAuts
